 Dungeon Crawl Stone Soup version 0.30-a0-930-gb9d0489357 (webtiles) character file.

Game seed: 9972095271091762670

812 ytrimaz the Cleaver (level 8, -1/58 HPs)
             Began as a Formicid Fighter on Mar 23, 2023.
             Shot with an arrow by a centaur (9 damage)
             ... on level 5 of the Dungeon.
             The game lasted 00:03:53 (3176 turns).

ytrimaz the Cleaver (Formicid Fighter)              Turns: 3176, Time: 00:03:54

Health: -1/58      AC:  2    Str: 23    XL:     8   Next: 15%
Magic:  8/8        EV:  9    Int: 14    God:
Gold:   170        SH:  5    Dex: 13    Spells: 7/7 levels left

rFire   . . .      SeeInvis +    a - +0 war axe
rCold   . . .      Faith    .    c - +0 buckler
rNeg    + + +      Spirit   .    b - +0 scale mail
rPois   .          Reflect  .    (helmet unavailable)
rElec   .          Rampage  .    (no cloak)
rCorr   .          Clarity  +    (no gloves)
Will    .....                    (no boots) Stlth
                                 t - amulet of the acrobat
HPRegen 0.29/turn                f - ring of positive energy
MPRegen 0.11/turn                q - ring "Jiuv" {*Corrode +Blink rN+++ Int+6 Slay+3}

@: mighty, corroded
A: permanent stasis, dig shafts and tunnels, antennae 3, four strong arms,
talons 1, clarity
a: Dig, Shaft Self


You were on level 5 of the Dungeon.
You visited 1 branch of the dungeon, and saw 5 of its levels.

You collected 170 gold pieces.


Innate Abilities, Weirdness & Mutations

You cannot be hasted, slowed, berserked, paralysed or teleported.
You can dig through walls and to a lower floor.
You have a pair of large antennae on your head. (SInv)
Your four strong arms can wield two-handed weapons with a shield.
You have sharp toenails.
You possess an exceptional clarity of mind.


   Skills:
 - Level 3.2 Fighting
 + Level 8.9 Axes
 - Level 3.2 Armour
 - Level 4.0 Shields


You had 7 spell levels left.
You didn't know any spells.
Your spell library contained the following spells:

 Spells                   Type           Power      Damage    Failure   Level
 Sandblast                Erth           0%         2d4       65%         1
 Sting                    Tmut/Pois      0%         1d3       65%         1
 Passwall                 Tmut/Erth      0%         N/A       80%         2
 Poisonous Vapours        Pois/Air       0%         N/A       80%         2
 Ozocubu's Armour         Ice            0%         N/A       95%         3
 Stone Arrow              Conj/Erth      0%         3d7       95%         3
 Olgreb's Toxic Radiance  Pois           0%         N/A       100%        4
 Iskenderun's Battlesphe  Conj           0%         2d6       100%        5
 Metabolic Englaciation   Hex/Ice        0%         N/A       100%        5
 Iron Shot                Conj/Erth      0%         9d1       100%        6
 Simulacrum               Ice/Necr       0%         N/A       100%        6
 Spellforged Servitor     Conj/Summ      0%         N/A       100%        7

Inventory:

Hand Weapons
 a - a +0 war axe (weapon)
Armour
 b - a +0 scale mail (worn)
 c - a +0 buckler (worn)
Jewellery
 d - a ring of ice
   (You found it on level 4 of the Dungeon)
 e - an amulet of faith
   (You took it off an orc priest on level 4 of the Dungeon)
 f - a ring of positive energy (left hand)
   (You found it on level 3 of the Dungeon)
 q - the ring "Jiuv" (right hand) {*Corrode +Blink rN+++ Int+6 Slay+3}
   (You found it on level 3 of the Dungeon)

   [ring of intelligence]

   Int:       It affects your intelligence (+6).
   Slay:      It affects your accuracy & damage with ranged weapons and melee
   (+3).
   rN:        It renders you almost immune to negative energy.
   +Blink:    It lets you blink.
   *Corrode:  It may corrode you when you take damage.
 t - an amulet of the acrobat (around neck)
   (You found it on level 4 of the Dungeon)
Scrolls
 h - a scroll of butterflies
 i - 2 scrolls of immolation
 l - 4 scrolls of vulnerability
 o - 2 scrolls of enchant armour
Potions
 g - 3 potions of curing
 j - a potion of lignification
 k - a potion of mutation
 m - a potion of invisibility
 n - a potion of cancellation {unknown}
 p - 3 potions of ambrosia {unknown}
 r - a potion of brilliance {unknown}
 s - a potion of degeneration {unknown}
 u - a potion of might
 v - a potion of heal wounds {unknown}

Dungeon Overview and Level Annotations

Branches:
Dungeon (5/15) Zot: 26771
 Temple: D:4-7

Altars:
Cheibriados
Xom

Shops:
D:3

( .........##..
#.#....#.#....
.##..............
.................
##.........#.#...
!..../>..........
##...............
.......@..#.....^
###.#.....c...>..
##...........
#...........
#.....#..#..
##..........
####c..##.# ....
# ...##


You could see 2 centaurs.


Message History

You hit the adder. Your kick misses the adder. The adder closely misses you.
Unknown command.
You barely miss the adder. Your kick misses the adder.
The adder bites you but does no damage. x2
You closely miss the adder. Your kick misses the adder.
The adder bites you but does no damage.
You slash the adder! You claw the adder.
You kill the adder!
No target in view!
There is an open door here.
You see here an adder corpse.
Unknown command.
No target in view!
There is an open door here.
You see here an adder corpse.
There is an open door here.
You open the door.
An adder comes into view.
The adder hisses angrily.
An adder is nearby!
An adder is nearby!
The adder barely misses you. The adder closely misses you.
There is an open door here.
An adder is nearby!
You slash the adder! You claw the adder.
You kill the adder!
You see here an adder corpse.
No target in view!
Done exploring.
Done exploring.
Done exploring.
Done exploring.
You see here an adder corpse.
There is an open door here.
You see here a +0 short sword.
There is a stone staircase leading down here.
You climb downwards.
The ogre shouts!
Found an encrusted copper wand and a purple potion.
Found an escape hatch in the floor.
Found a stone staircase leading down.
There is a stone staircase leading up here.
There are monsters nearby!
There are monsters nearby!
There are monsters nearby!
A centaur comes into view.
The centaur shouts!
The centaur wields a +0 shortbow.
The centaur shoots an arrow.
The arrow hits you. 😕 HP[-2]
You take 2 damage, and now have 56/58 hp.
The centaur misses you. You block the centaur's attack.
The centaur shoots an arrow.
The arrow hits you. The centaur barely misses you.
The centaur misses you. 😕 HP[-2]
You take 2 damage, and now have 54/58 hp.
You slash the centaur! You claw the centaur.
The centaur shoots an arrow.
The arrow hits you! The centaur hits you.
The centaur kicks you but does no damage.
The centaur shoots an arrow.
The arrow barely misses you. 😮 HP[-14]
You take 14 damage, and now have 40/58 hp.
MASSIVE DAMAGE!! (PAUSE)
The centaur wields a +0 shortbow.
The centaur shoots an arrow.
The arrow hits you.
The centaur shoots an arrow.
The arrow barely misses you. 😮 HP[-3]
You take 3 damage, and now have 37/58 hp.
The centaur shoots an arrow.
The arrow hits you.
Your corrosive artefact corrodes you!
The centaur shoots an arrow.
The arrow misses you.
The centaur shoots an arrow.
You block the arrow.
The centaur shoots an arrow.
You block the arrow.
There is a stone staircase leading up here. 😮 HP[-5]
You take 5 damage, and now have 32/58 hp.
Unknown command.
The centaur shoots an arrow.
The arrow closely misses you. The ogre hits you with a +0 giant club!
* * * LOW HITPOINT WARNING * * *
You climb upwards.
There is a stone staircase leading down here.
Unknown command. 😨 HP[-6]
You take 6 damage, and now have 26/58 hp.
Unknown command.
You feel very mighty all of a sudden.
Unknown command.
You completely miss the ogre. You claw the ogre!
The ogre hits you with a +0 giant club!
* * * LOW HITPOINT WARNING * * *
😱 HP[-14]
You take 14 damage, and now have 12/58 hp.
MASSIVE DAMAGE!! (PAUSE)
You slash the ogre! You block the ogre's attack.
Unknown command.
You slice the ogre!!
You kill the ogre!
Unknown command.
You climb downwards.
The centaur shoots an arrow.
The arrow hits you.
* * * LOW HITPOINT WARNING * * *
The centaur shoots an arrow.
The arrow hits you!
You die...

Skill      XL: |  1  2  3  4  5  6  7 |
---------------+----------------------+-----
Axes           | 3 4 5 7 8 |  8.9
Fighting       | |  3.2
Armour         | |  3.2
Shields        | |  4.0

Action                     |  1- 3 |  4- 6 |  7- 9 || total
---------------------------+-------+-------+-------++-------
  Melee: War axe           |    80 |    35 |    76 ||   191
         Kick              |     2 |     6 |    21 ||    29
    Use: Scroll            |     8 |       |     1 ||     9
         Potion            |     2 |     2 |     1 ||     5
 Armour: Scale mail        |    46 |    10 |    26 ||    82
  Dodge: Dodged            |    35 |    17 |    49 ||   101
  Block: Buckler           |    24 |     6 |    21 ||    51

Levels and vault maps discovered:
D:1:      dpeg_arrival_line_fractal, layout_basic
D:2:      layout_rooms, minmay_misc_feat_x, minmay_pentomino_z2
D:3:      layout_loops_ring, mainiacjoe_overflow_alcove_2, serial_shops,
          nicolae_shop_statue_plus, kennysheep_generic_room_6
D:4:      cheibrodos_barr_body, layout_basic, tgw_xom, minmay_snake_closets,
          uniq_menkaure
D:5:      layout_basic, beargit_hepliaklqana_dungeon_heroes, temple_fountains,
          serial_shops, shop

Notes
Turn   | Place    | Note
-------+----------+-------------------------------------------
     0 | D:1      | ytrimaz the Formicid Fighter began the quest for the Orb.
     0 | D:1      | Reached XP level 1. HP: 18/18 MP: 1/1
     0 | D:1      | magus.rc [v1.9.6]
    46 | D:1      | Reached XP level 2. HP: 24/24 MP: 2/2
    59 | D:1      | You pick up a book of Power and begin reading...
    59 | D:1      | You add the spells Iskenderun's Battlesphere, Iron Shot and
                  | Spellforged Servitor to your library.
   188 | D:1      | Reached skill level 3 in Axes
   576 | D:2      | Reached XP level 3. HP: 28/29 MP: 3/3
   729 | D:2      | You fall into a shaft and drop 1 floor!
   745 | D:3      | You pick up a book of Winter and begin reading...
   745 | D:3      | You add the spells Ozocubu's Armour, Metabolic Englaciation
                  | and Simulacrum to your library.
   849 | D:2      | You add the spells Sting, Poisonous Vapours and Olgreb's
                  | Toxic Radiance to your library.
  1109 | D:2      | Gained mutation: You have sharp toenails. [potion of
                  | mutation]
  1109 | D:2      | Gained mutation: You possess an exceptional clarity of
                  | mind. [potion of mutation]
  1139 | D:3      | Found Rolau's Weapon Emporium.
  1144 | D:3      | You pick up a book of Geomancy and begin reading...
  1144 | D:3      | You add the spells Sandblast, Passwall and Stone Arrow to
                  | your library.
  1407 | D:3      | Reached skill level 4 in Axes
  1407 | D:3      | Reached XP level 4. HP: 17/35 MP: 4/4
  1409 | D:3      | HP: 7/35 [gnoll/+0 spear (6)]
  1551 | D:3      | Found a snail-covered altar of Cheibriados.
  1625 | D:3      | Identified the ring "Jiuv" {*Corrode +Blink rN+++ Int+6
                  | Slay+3}
  2043 | D:4      | Noticed an ogre
  2053 | D:4      | Killed an ogre
  2054 | D:4      | Reached skill level 5 in Axes
  2054 | D:4      | Reached XP level 5. HP: 16/41 MP: 5/5
  2186 | D:4      | Reached XP level 6. HP: 26/47 MP: 6/6
  2187 | D:4      | Reached skill level 6 in Axes
  2362 | D:4      | Noticed Menkaure
  2367 | D:4      | Killed Menkaure
  2368 | D:4      | Reached skill level 7 in Axes
  2368 | D:4      | Reached XP level 7. HP: 52/52 MP: 7/7
  2617 | D:4      | Reached skill level 8 in Axes
  2708 | D:4      | Found a shimmering altar of Xom.
  3115 | D:4      | Reached XP level 8. HP: 57/58 MP: 8/8
  3163 | D:5      | Entered Level 5 of the Dungeon
  3172 | D:4      | HP: 12/58 [ogre/+0 giant club (15)]
  3176 | D:5      | Shot with an arrow by a centaur

Vanquished Creatures
  Menkaure (D:4)
  An ice beast (D:4)
  2 ogres (D:4)
  A centaur (D:4)
  A scorpion (D:4)
  An orc priest (D:4)
  2 orc wizards (D:4)
  4 gnolls
  9 adders
  An ufetubus (D:4)
  2 worms
  2 dart slugs
  4 orcs (D:4)
  2 bats
  2 endoplasms
  5 giant cockroaches
  12 goblins
  5 hobgoblins
  12 kobolds
  6 quokkas
  11 ball pythons
  4 frilled lizards
  A rat (D:1)
91 creatures vanquished.

Table legend:
 A = Non-vault XP
 B = Vault XP
 C = Vault XP percentage of total XP
 D = Non-vault monster count
 E = Vault monster count
 F = Vault count percentage of total count
                 A         B        C        D         E       F
            +---------+---------+-------+---------+---------+-------
      Total |     582 |     578 |  49.8 |      55 |      36 |  39.6
            +---------+---------+-------+---------+---------+-------
        D:1 |      28 |       0 |   0.0 |      17 |       0 |   0.0
        D:2 |      27 |       1 |   3.6 |      10 |       1 |   9.1
        D:3 |      54 |       5 |   8.5 |       8 |       2 |  20.0
        D:4 |     473 |     572 |  54.7 |      20 |      33 |  62.3
            +---------+---------+-------+---------+---------+-------

Illustrated notes

Table legend:
 A = Kills in this place as a percentage of kills in the entire game.
 B = Kills by you in this place as a percentage of kills by you in the entire game.
 C = Kills by friends in this place as a percentage of kills by friends in the entire game.
 D = Other kills in this place as a percentage of other kills in the entire game.
 E = Experience gained in this place as a percentage of experience gained in the entire game.
 F = Experience gained in this place divided by the number of levels of this place that you have seen.
                   A       B       C       D       E      F
               +-------+-------+-------+-------+-------+----------------------
         Total | 100.0 | 100.0 |   N/A |   N/A | 100.0 | 232.0
       Dungeon | 100.0 | 100.0 |   N/A |   N/A | 100.0 | 232.0
               +-------+-------+-------+-------+-------+----------------------

Table legend: (Time is in decaauts)
 A = Elapsed time spent in this place.
 B = Non-inter-level travel time spent in this place.
 C = Inter-level travel time spent in this place.
 D = Time resting spent in this place.
 E = Time spent auto-exploring this place.
 F = Levels seen in this place.
 G = Mean time per level.
                   A        B        C        D        E       F      G
               +--------+--------+--------+--------+--------+-----+--------+
         Total |   3226 |   3141 |     85 |      0 |   2543 |   5 |  645.2 |
       Dungeon |   3226 |   3141 |     85 |      0 |   2543 |   5 |  645.2 |
               +--------+--------+--------+--------+--------+-----+--------+

Top non-repeatable levels by time:
     D:4: 1206 daAuts
     D:3: 904 daAuts
     D:1: 581 daAuts
     D:2: 527 daAuts
     D:5: 6 daAuts
